Map: Simulacrum LE

Players

Neeb - Winner!

  • Race: Protoss Protoss
  • Spawn Location: 11:00

thermostaat (uThermal)

  • Race: Terran Terran
  • Spawn Location: 5:00

Event: Cheeseadelphia XI, Cheeseadelphia XI

VOD

Have the link to the VOD?

Description

Time

  • Played on: Dec. 15, 2019, 6:38 p.m.
  • Length: 11:54

All games in this series

Show
View Real Time Build Order
Export as new Build Order

Neeb Protoss - Winner!

Build Orders:  

Get SALT Encoding   

  12  0:01  Probe  
  13  0:13  Probe  
  14  0:19  Pylon  
  14  0:25  Probe (Chrono Boost)  
  15  0:37  Gateway  
  15  0:38  Probe (Chrono Boost)  
  16  0:44  Probe (Chrono Boost)  
  16  0:46  Assimilator  
  17  0:53  Probe  
  18  1:05  Probe  
  19  1:17  Probe  
  20  1:24  Pylon  
  20  1:27  Cybernetics Core, Zealot (Chrono Boost)  
  20  1:29  Probe  
  23  1:42  Probe  
  24  1:53  Zealot (Chrono Boost)  
  26  1:54  Probe  
  25  2:05  Shield Battery  
  25  2:06  Shield Battery  
  25  2:07  Probe  
  25  2:10  Stalker (Chrono Boost)  
  27  2:19  Probe  
  28  2:26  Pylon  
  28  2:32  Stalker  
  28  2:59  Nexus  
  28  3:02  Probe  
  29  3:07  Assimilator  
  29  3:13  Stalker  
  29  3:18  Probe  
  32  3:27  Stargate  
  32  3:30  Probe  
  33  3:39  Warp Gate  
  33  3:42  Probe (Chrono Boost)  
  33  3:45  Stalker (Chrono Boost)  
  36  3:54  Probe (Chrono Boost)  
  37  3:58  Pylon  
  38  4:03  Probe (Chrono Boost)  
  38  4:08  Probe  
  38  4:14  Oracle (Chrono Boost)  
  39  4:18  Probe  
  39  4:20  Probe  
  42  4:30  Probe  
  43  4:33  Probe  
  44  4:42  Probe  
  44  4:45  Probe  
  46  4:54  Probe  
  46  4:57  Probe  
  46  4:59  Oracle  
  51  5:06  Probe  
  52  5:09  Probe  
  53  5:17  Robotics Facility  
  53  5:18  Probe  
  53  5:19  Pylon, Assimilator  
  55  5:21  Probe (Chrono Boost), Assimilator  
  55  5:23  Gateway  
  55  5:24  Gateway  
  55  5:27  Sentry  
  57  5:30  Probe (Chrono Boost)  
  57  5:31  Pylon  
  57  5:33  Probe (Chrono Boost)  
  59  5:40  Probe (Chrono Boost)  
  59  5:41  Probe (Chrono Boost)  
  61  5:45  Probe (Chrono Boost)  
  61  5:47  Probe  
  63  5:54  Sentry  
  63  5:57  Probe  
  66  6:00  Pylon  
  66  6:13  Immortal (Chrono Boost)  
  66  6:16  Robotics Bay  
  70  6:20  Forge  
  70  6:25  Nexus  
  70  6:29  Pylon, Stalker  
  70  6:30  Stalker  
  74  6:33  Stalker  
  74  6:36  Probe  
  74  6:37  Probe  
  78  6:53  Protoss Ground Weapons Level 1  
  78  6:55  Stalker x2  
  78  6:56  Stalker  
  78  6:58  Pylon  
  84  7:01  Colossus (Chrono Boost)  
  90  7:19  Zealot x3  
  80  7:33  Probe x2  
  68  7:41  Stalker x3  
  68  7:43  Probe  
  69  7:45  Colossus (Chrono Boost), Probe  
  69  7:46  Probe  
  77  7:54  Gateway  
  77  7:55  Probe  
  77  7:56  Gateway  
  77  8:07  Stalker x3  
  73  8:14  Probe x2  
  73  8:15  Probe  
  76  8:22  Pylon  
  76  8:24  Warp Prism (Chrono Boost)  
  79  8:32  Gateway  
  78  8:34  Sentry, Gateway  
  78  8:35  Zealot x2  
  69  8:56  Stalker x3  
  69  8:57  Stalker  
  69  9:01  Zealot  
  75  9:06  Immortal (Chrono Boost)  
  77  9:22  Zealot x3  
  83  9:26  Zealot x2  
  87  9:32  Sentry x2  
  91  9:50  Sentry  
  91  9:51  Stalker x2, Sentry x2  
  101  10:04  Nexus  
  101  10:07  Pylon  
  99  10:17  Zealot x3  
  89  10:21  Zealot x2  
  89  10:29  Probe  
  89  10:31  Stalker  
  89  10:33  Stalker  
  94  10:38  Probe  
  95  10:49  Zealot  
  91  10:50  Zealot x3  
  91  10:51  Probe  
  98  11:00  Probe  
  79  11:11  Zealot x4  
  79  11:13  Probe  
  82  11:20  Probe  
  77  11:25  Stalker  
  77  11:26  Stalker x2  
  81  11:43  Zealot x4  
Show
View Real Time Build Order
Export as new Build Order

thermostaat Terran 

Build Orders:  

Get SALT Encoding   

  12  0:01  SCV  
  13  0:13  SCV  
  14  0:17  Supply Depot  
  14  0:25  SCV  
  15  0:39  Barracks  
  15  0:43  SCV  
  16  0:53  Barracks  
  16  0:57  SCV  
  16  1:03  Refinery  
  17  1:09  SCV  
  18  1:25  Marine  
  18  1:26  Orbital Command  
  19  1:36  Supply Depot  
  19  1:41  Marine  
  19  1:43  Marine  
  22  2:05  Marine  
  22  2:08  SCV, Factory  
  23  2:12  Marine  
  23  2:20  SCV  
  24  2:23  Marine  
  25  2:32  Marine  
  27  2:49  Command Center  
  27  2:50  SCV  
  27  2:56  Factory Tech Lab  
  25  3:02  SCV  
  25  3:05  Refinery  
  26  3:14  Cyclone  
  26  3:15  SCV  
  26  3:19  Supply Depot  
  30  3:27  SCV  
  31  3:34  Barracks  
  31  3:35  Barracks  
  32  3:41  SCV  
  32  3:53  SCV  
  32  3:54  Factory Tech Lab  
  33  4:01  Orbital Command  
  33  4:05  SCV  
  34  4:15  Stimpack, Marine  
  34  4:16  Siege Tank  
  38  4:17  SCV  
  38  4:22  Orbital Command  
  35  4:24  Barracks Reactor x2  
  35  4:29  SCV  
  36  4:34  Marine  
  37  4:41  SCV  
  37  4:48  Siege Tank  
  37  4:52  SCV, Marine  
  41  4:54  SCV  
  41  4:59  Engineering Bay  
  40  5:02  Marine x2  
  40  5:03  Marine x2  
  40  5:04  SCV  
  40  5:06  SCV  
  45  5:09  Marine  
  46  5:16  SCV, Supply Depot  
  46  5:20  Marine x3  
  50  5:21  Siege Tank  
  50  5:27  Missile Turret  
  54  5:28  SCV  
  54  5:35  Supply Depot  
  54  5:37  SCV, Marine  
  54  5:41  Terran Infantry Weapons Level 1, Marine  
  57  5:43  SCV  
  57  5:44  Marine  
  57  5:46  Marine  
  60  5:50  Marine  
  60  5:51  Supply Depot  
  60  5:56  Siege Tank  
  64  6:02  Missile Turret, SCV  
  64  6:05  Marine x2  
  64  6:07  SCV  
  65  6:12  Marine x2  
  65  6:14  SCV, Marine  
  69  6:19  SCV  
  69  6:22  Marine  
  71  6:29  Siege Tank  
  76  6:33  Supply Depot  
  76  6:35  Marine x2  
  76  6:36  Marine x2  
  78  6:43  Marine  
  78  6:46  Supply Depot  
  78  6:55  SCV x2, Marine x3  
  78  7:01  Supply Depot  
  86  7:07  SCV, Marine  
  86  7:08  Marine  
  89  7:12  Marine  
  89  7:13  Combat Shield  
  89  7:14  Marine  
  88  7:16  SCV, Marine  
  88  7:17  Supply Depot  
  90  7:23  SCV  
  90  7:25  Marine x2  
  83  7:30  Marine  
  83  7:31  Marine  
  83  7:35  Marine  
  78  7:43  Marine x2  
  80  7:44  Command Center  
  80  7:48  Marine  
  80  7:49  Marine  
  81  7:52  Marine  
  81  7:53  SCV  
  81  7:54  SCV, Refinery  
  84  8:00  Marine  
  84  8:01  Marine  
  83  8:06  Marine  
  83  8:10  Marine  
  83  8:12  Marine  
  81  8:13  SCV  
  81  8:15  SCV  
  81  8:16  Refinery  
  81  8:17  Barracks  
  81  8:19  Barracks  
  82  8:25  SCV  
  83  8:29  SCV  
  83  8:32  Starport  
  83  8:34  Marauder  
  85  8:35  Marine  
  85  8:37  SCV  
  85  8:40  Barracks Tech Lab  
  86  8:42  Marine  
  82  8:55  Marauder  
  74  8:58  Marine  
  74  9:00  Marine  
  74  9:01  Siege Tank  
  78  9:06  Barracks Reactor, SCV, Barracks Tech Lab  
  78  9:09  Medivac  
  81  9:10  SCV  
  81  9:15  Marine  
  81  9:16  Marauder  
  85  9:18  SCV  
  85  9:20  Medivac  
  88  9:27  Marauder, Marine  
  88  9:29  Marine  
  92  9:33  SCV  
  92  9:34  Marauder  
  92  9:35  Siege Tank  
  92  9:37  SCV  
  92  9:38  Marauder  
  101  9:41  Orbital Command  
  101  9:44  Marine  
  101  9:45  SCV  
  103  9:48  Medivac  
  103  9:49  SCV  
  106  9:54  Medivac  
  106  9:57  SCV  
  104  10:01  Marine  
  104  10:04  Marine  
  104  10:05  Missile Turret, Marauder  
  104  10:06  Missile Turret, Marine  
  101  10:08  Marine  
  81  10:21  Siege Tank  
  81  10:26  Medivac, Marine  
  81  10:27  Marauder  
  70  10:30  Viking  
  70  10:31  Marauder, Marine  
  70  10:32  Marine  
  70  10:34  Marine  
  68  10:51  Marine  
  68  10:52  Marauder  
  68  10:53  Siege Tank, Marine  
  65  11:04  Marine  
  65  11:05  Marauder  
  65  11:07  Marine  
  62  11:17  Marine  
  56  11:18  Marine  
  52  11:27  Marine  
  52  11:29  Marine  
Tags
 
Add a new tag
Caveats
  • Supply blocks, unpowered buildings, or Contaminate may cause inaccurate times.
  • Supply counts are checked every 10 seconds.